 Dungeon Crawl Stone Soup version 0.27.0 (webtiles) character file.

Game seed: 8901622006697328524

855 backslashecho the Skirmisher (level 8, -4/51 HPs)
             Began as a Gargoyle Berserker on July 31, 2021.
             Was a Priest of Trog.
             Slain by a killer bee (7 damage)
             ... on level 5 of the Dungeon.
             The game lasted 00:07:58 (4852 turns).

backslashecho the Skirmisher (Gargoyle Berserker)   Turns: 4852, Time: 00:07:59

Health: -4/51      AC: 15    Str: 23    XL:     8   Next: 1%
Magic:  8/8        EV:  6    Int:  8    God:    Trog [***...]
Gold:   280        SH:  8    Dex:  9    Spells: 7/7 levels left

rFire    . . .     SeeInvis .   a - +0 war axe
rCold    + . .     Faith    .   v - +0 kite shield
rNeg     + . .     Spirit   .   y - +0 chain mail
rPois    ∞         Reflect  .   (no helmet)
rElec    +         Harm     .   (no cloak)
rCorr    +         Rampage  .   (no gloves)
Will     .....                  (no boots)
Stlth    ..........             b - amulet of regeneration
HPRegen  1.17/turn              k - ring of resist corrosion
MPRegen  0.11/turn              q - ring of protection from cold

@: on berserk cooldown, slowed, very slow
A: sickness immunity, AC +5, negative energy resistance 1, electricity
resistance, torment resistance 1, petrification resistance
a: Renounce Religion, Berserk, Trog's Hand


You were on level 5 of the Dungeon.
You worshipped Trog.
Trog was most pleased with you.
You visited 1 branch of the dungeon, and saw 5 of its levels.

You collected 280 gold pieces.

Inventory:

Hand Weapons
 a - a +0 war axe (weapon)
Missiles
 g - 36 poisoned darts (quivered)
 s - a throwing net
Armour
 v - a +0 kite shield (worn)
 y - a +0 chain mail (worn)
Jewellery
 b - an amulet of regeneration (around neck)
 f - an amulet of reflection
 j - a ring of fire
 k - a ring of resist corrosion (left hand)
 q - a ring of protection from cold (right hand)
 x - an amulet of faith
Scrolls
 e - a scroll of enchant armour {unknown}
 h - 5 scrolls of identify {unknown}
 i - a scroll of fog {unknown}
 m - a scroll of teleportation {unknown}
 n - a scroll of summoning {unknown}
 p - 2 scrolls of magic mapping {unknown}
 w - a scroll of immolation {unknown}
Potions
 c - a potion of magic {unknown}
 d - a potion of might {unknown}
 o - a potion of lignification {unknown}
 r - 3 potions of haste {unknown}
 t - 2 potions of berserk rage {unknown}
 u - a potion of resistance {unknown}
 z - a potion of invisibility {unknown}


   Skills:
 + Level 6.3 Fighting
 + Level 5.1 Axes
 + Level 5.6 Armour
 - Level 1.5 Dodging
 + Level 2.0 Shields
 - Level 1.0 Unarmed Combat


You had 7 spell levels left.
You didn't know any spells.
Your spell library was empty.

Dungeon Overview and Level Annotations

Branches:
Dungeon (5/15)             Temple (0/1) D:4

Altars:
Fedhas
Okawaru
Qazlal
Xom
Lugonu

Shops:
D:2 !

Portals:
Abyss: D:4

Annotations:
D:4 2 runed translucent doors
D:5 1 transporter, Golfball's ghost, novice GrFi


Innate Abilities, Weirdness & Mutations

You are immune to sickness and miasma.
Your stone body is resilient. (AC +5)
You are immune to poison.
You resist negative energy. (rN+)
You are resistant to electric shocks. (rElec)
You are resistant to unholy torment.
You are immune to petrification.


Message History

You closely miss Golfball's ghost. You hit the killer bee.
You block the killer bee's attack. The killer bee stings you.
* * * LOW HITPOINT WARNING * * *
The killer bee stings you.
* * * LOW HITPOINT WARNING * * *
The killer bee stings you but does no damage. x2
Golfball's ghost completely misses you. You block the killer bee's attack. x2
The killer bee stings you.
* * * LOW HITPOINT WARNING * * *
You take 7 damage, and have 6/69 hp.
You hit the killer bee.
The killer bee is moderately wounded.
You slash the killer bee!
You kill the killer bee!
Trog accepts your kill.
You closely miss Golfball's ghost. You closely miss the killer bee.
You block the killer bee's attack.
The killer bee stings you but does no damage.
Golfball's ghost hits you but does no damage.
You slash the killer bee!
You kill the killer bee!
Trog accepts your kill.
You hit Golfball's ghost but do no damage.
You closely miss the killer bee. You block the killer bee's attack.
The killer bee stings you but does no damage.
Golfball's ghost hits you!
* * * LOW HITPOINT WARNING * * *
Your Shields skill increases to level 2!
You have reached level 8!
You feel stronger.
You take 5 damage, and have 2/76 hp.
MP restored: 8 You are no longer berserk.
You are exhausted.
You feel yourself slow down.
Things that are here:
a killer bee corpse; a killer bee corpse; a killer bee corpse You now have 2/51 hp.
The killer bee stings you!
You die...

#......#####!yWy.#####..###.#
#.....###.#.#...#...###.....#
#.##).##..#..###..#..##.#####
#.....###...#!..#...###.##
####...#####..#..#####...####
##.###...#...#...###......
#.##.†#..###..#..##......
#.###W.y#...#...###.##...
#..#####@.©..#####.......
##..#############..###...
#........©.......## #...
#.##.......###.#.# ###.
#.#######..# #.#.######. #.#
#####.# #.#........ #)#
##.###.# #.#.######.
#.###.#.##.# #.#.## #.
#.##.###.#.###....#####.


You could see a killer bee and Golfball's ghost.

Vanquished Creatures
  A scorpion (D:4)
  A water moccasin skeleton (D:5)
  5 killer bees (D:5)
  3 vampire bats (D:3)
  A bullfrog skeleton (D:5)
  2 hounds
  A jelly (D:5)
  3 iguanas (D:5)
  6 adders
  5 gnolls
  A shadow imp (D:5)
  An ufetubus (D:5)
  An adder skeleton (D:4)
  A worm (D:2)
  A dart slug (D:4)
  11 orcs
  5 ball pythons
  9 endoplasms
  A giant cockroach (D:2)
  4 goblins
  6 hobgoblins
  8 jackals
  7 bats
  5 frilled lizards
  A jackal skeleton (D:4)
  8 kobolds
  3 rats
101 creatures vanquished.

Notes
Turn   | Place    | Note
-------+----------+-------------------------------------------
     0 | D:1      | backslashecho the Gargoyle Berserker began the quest for
                  | the Orb.
     0 | D:1      | Reached XP level 1. HP: 14/14 MP: 1/1
    68 | D:1      | Reached XP level 2. HP: 10/19 MP: 2/2
   990 | D:2      | Reached skill level 1 in Unarmed Combat
  1015 | D:2      | Reached XP level 3. HP: 16/24 MP: 3/3
  1435 | D:2      | Found a faded altar of an unknown god.
  1702 | D:2      | Reached skill level 4 in Fighting
  1702 | D:2      | Reached XP level 4. HP: 17/29 MP: 4/4
  2010 | D:2      | Found Rilefo's Distillery.
  2760 | D:3      | Found a blossoming altar of Fedhas.
  2761 | D:3      | Found a shimmering altar of Xom.
  2761 | D:3      | Found a stormy altar of Qazlal.
  2768 | D:3      | Found an iron altar of Okawaru.
  2924 | D:3      | Reached ** piety under Trog
  2925 | D:3      | Reached XP level 5. HP: 34/34 MP: 5/5
  2975 | D:3      | Reached XP level 6. HP: 40/40 MP: 6/6
  3125 | D:4      | Found a large runed translucent door.
  3125 | D:4      | Found a large runed translucent door.
  3125 | D:4      | Found a corrupted altar of Lugonu.
  3177 | D:4      | Found a one-way gate to the infinite horrors of the Abyss.
  3384 | D:4      | Found a staircase to the Ecumenical Temple.
  3439 | D:4      | Reached skill level 5 in Fighting
  3973 | D:5      | Entered Level 5 of the Dungeon
  4158 | D:5      | Found a transporter.
  4161 | D:5      | Noticed Golfball's ghost (novice GrFi)
  4200 | D:5      | Found a transporter.
  4234 | D:5      | Reached XP level 7. HP: 39/44 MP: 7/7
  4256 | D:5      | Reached skill level 5 in Armour
  4461 | D:5      | Reached *** piety under Trog
  4846 | D:5      | Reached skill level 6 in Fighting
  4846 | D:5      | Reached skill level 1 in Shields
  4848 | D:5      | Reached skill level 5 in Axes
  4850 | D:5      | HP: 1/69 [Golfball's ghost (7)]
  4851 | D:5      | Reached XP level 8. HP: 2/51 MP: 8/8
  4852 | D:5      | Slain by a killer bee

Illustrated notes

Levels and vault maps discovered:
D:1:      ncdulo_wetmaze, layout_loops_cross, minivault_4
D:2:      layout_basic, serial_shops, shop, shapermc_ecumenical_altar_rom_forum,
          corexii_shack, chequers_serial_rivers_large_a
D:3:      layout_rooms, chequers_temple_overflow_statue_of_worship,
          roderic_batcave, minivault_24
D:4:      due_chaos_kobolds, layout_gridville, minmay_temple_entry_arrows
D:5:      layout_loops_ring, gammafunk_ghost_hive

Skill      XL: |  1  2  3  4  5  6  7 |
---------------+----------------------+-----
Unarmed Combat | 1 |  1.0
Axes           | 3 4 5 |  5.1
Fighting       | 4 5 6 |  6.3
Armour         | 3 4 5 |  5.6
Shields        | 2 |  2.0
Dodging        | |  1.5

Action                   |  1- 3 |  4- 6 |  7- 9 || total
-------------------------+-------+-------+-------++-------
Melee: Hand axe          |    74 |   208 |   100 ||   382
       War axe           |       |       |    21 ||    21
Invok: Berserk           |     1 |     1 |     1 ||     3
       Trog's Hand       |       |       |     1 ||     1
Armor: Animal skin       |    34 |    13 |       ||    47
       Ring mail         |       |   109 |    50 ||   159
       Chain mail        |       |       |    48 ||    48
Dodge: Dodged            |    43 |   154 |    70 ||   267
Block: Other             |       |     4 |       ||     4
       Kite shield       |       |       |    46 ||    46
